 Dungeon Crawl Stone Soup version 0.24.0-13-gcf9b319 (webtiles) character file.

Game seed: 8973213128968178376, levelgen mode: deterministic

539 Ajohnson the Sneak (level 7, -7/36 HPs)
             Began as a Vampire Enchanter on Nov 13, 2019.
             Mangled by an ogre
             ... wielding a +0 giant spiked club
              (21 damage)
             ... on level 4 of the Dungeon.
             The game lasted 00:09:06 (3657 turns).

Ajohnson the Sneak (Vampire Enchanter)              Turns: 3657, Time: 00:09:06

Health: -7/36      AC:  0    Str:  7 (9)  XL:     7   Next: 5%
Magic:  8/12       EV: 20    Int: 16 (18) God:
Gold:   111        SH:  0    Dex: 17 (19) Spells: 7/13 levels left

rFire    . . .     SeeInvis +   (weapon currently unavailable)
rCold    + + .     Gourm    .   (shield currently unavailable)
rNeg     + + +     Faith    .   (armour currently unavailable)
rPois    ∞         Spirit   .   (helmet currently unavailable)
rElec    .         Reflect  .   (cloak currently unavailable)
rCorr    .         Harm     .   (gloves currently unavailable)
MR       .....                  (boots currently unavailable)
Stlth    ++++++....             (no amulet)
HPRegen  0.00/turn              (ring currently unavailable)
MPRegen  0.13/turn              (ring currently unavailable)

@: bat-form, flying, bloodless, regenerating quickly, very quick
A: tiny, no food, fangs 3, see invisible
a: Revivify, End Transformation


You were on level 4 of the Dungeon.
You were bloodless.
You were in vampire-bat-form.
You visited 1 branch of the dungeon, and saw 4 of its levels.

You collected 111 gold pieces.

Inventory:

Hand Weapons
 r - a +4 dagger of draining (melded)
Missiles
 o - a throwing net (quivered)
Armour
 b - a +0 robe (melded)
 j - a +0 pair of gloves (melded)
 p - a +0 helmet (melded)
Wands
 m - a wand of random effects (36)
 s - a wand of disintegration (10)
Scrolls
 d - a scroll of enchant weapon {unknown}
 e - 2 scrolls of magic mapping {unknown}
 f - a scroll of fog {unknown}
 l - 4 scrolls of teleportation {unknown}
 n - 2 scrolls of identify {unknown}
 q - a scroll of amnesia {unknown}
Potions
 a - a potion of berserk rage {unknown}
 c - a potion of cancellation {unknown}
 g - a potion of lignification {unknown}
 h - 2 potions of brilliance {unknown}
 i - a potion of haste {unknown}
 k - a potion of curing {unknown}


   Skills:
 + Level 4.0 Short Blades
 - Level 2.1 Dodging
 + Level 7.3 Stealth
 + Level 3.8 Spellcasting
 + Level 6.9 Hexes


You had 7 spell levels left.
You knew the following spells:

 Your Spells              Type           Power        Failure   Level  Hunger
a - Corona                Hex            ####...      1%          1    N/A
b - Ensorcelled Hibernat  Hex/Ice        ##....       6%          2    N/A
c - Confuse               Hex            ####....     3%          3    N/A

Your spell library contained the following spells:

 Spells                   Type           Power        Failure   Level  Hunger
 Tukima's Dance           Hex            ####....     3%          3    N/A
 Dazzling Spray           Conj/Hex       ##....       12%         3    N/A

Dungeon Overview and Level Annotations

Branches:
Dungeon (4/15)
 Temple: D:4-7

Altars:
Makhleb
Nemelex Xobeh
Wu Jian
Zin


Innate Abilities, Weirdness & Mutations

You do not eat.
You do not regenerate when monsters are visible.
You are frail without blood (-20% HP).
You can heal yourself when you bite living creatures.
You are immune to poison.
You have razor-sharp teeth.
You have supernaturally acute eyesight. (SInv)
((You can survive without breathing.))


Message History

Press: ? - help, Shift-Dir - straight line, f - ogre
Aim: an ogre, wielding a +0 giant spiked club (chance to defeat MR: 47%)
The ogre looks drowsy...
The adder skeleton barely misses you.
The adder skeleton bites you but does no damage.
The ogre shouts!
You hit the ogre. You drain the ogre.
The ogre is moderately wounded.
The adder skeleton barely misses you.
The ogre hits you with a +0 giant spiked club!!
Ouch! That really hurt!
You turn into a vampire bat.
Your +4 dagger of draining melds into your body.
Your +0 helmet melds into your body.
Your +0 pair of gloves melds into your body.
Your +0 robe melds into your body.
You feel weakened.
You feel dopey.
You feel clumsy. The adder skeleton barely misses you.
The ogre hits you with a +0 giant spiked club!!
Ouch! That really hurt!
You die...

..# #.# . #.## #. ..
#..# #..#
...####..####.....####
..............# #....
#........# ...#
#....ZO.## ##.#
##...b..## ##..##
#.......# ##....##
#..###..####..##..##
#.# #....#..####..##
## #.##....# ##...
#..####.## ##.. #..##
#..# ##. ...# ##.# ##.
.... #..# ##.#


You could see an ogre and an adder skeleton.

Vanquished Creatures
  Sigmund (D:2)
  An ogre (D:4)
  A bullfrog skeleton (D:4)
  Terence (D:2)
  An iguana (D:4)
  A worker ant (D:4)
  A hound skeleton (D:4)
  Robin (D:3)
  4 adders
  3 gnolls (D:4)
  2 adder skeletons
  A worm (D:2)
  5 dart slugs
  A leopard gecko (D:1)
  8 orcs
  3 giant cockroaches
  18 goblins
  9 hobgoblins
  3 jackals (D:1)
  8 kobolds
  A quokka (D:2)
  11 bats
  7 frilled lizards
  7 rats
99 creatures vanquished.

Notes
Turn   | Place    | Note
-------+----------+-------------------------------------------
     0 | D:1      | Ajohnson the Vampire Enchanter began the quest for the Orb.
     0 | D:1      | Reached XP level 1. HP: 13/13 MP: 3/3
   287 | D:1      | Reached XP level 2. HP: 10/15 MP: 5/5
   385 | D:1      | Learned a level 2 spell: Ensorcelled Hibernation
   854 | D:1      | Reached XP level 3. HP: 19/19 MP: 6/6
   865 | D:1      | Reached skill level 5 in Stealth
  1335 | D:2      | Reached skill level 5 in Hexes
  1497 | D:2      | Noticed Sigmund
  1509 | D:2      | Killed Sigmund
  1509 | D:2      | Reached skill level 6 in Stealth
  1509 | D:2      | Reached XP level 4. HP: 16/24 MP: 3/8
  1509 | D:2      | Reached XP level 5. HP: 19/28 MP: 3/9
  1515 | D:2      | Learned a level 3 spell: Confuse
  1884 | D:2      | Found a faded altar of an unknown god.
  1983 | D:2      | Noticed Terence
  1988 | D:2      | Killed Terence
  2004 | D:2      | Found a sparkling altar of Nemelex Xobeh.
  2269 | D:3      | Noticed Robin
  2306 | D:3      | Reached XP level 6. HP: 28/32 MP: 2/10
  2362 | D:3      | Killed Robin
  2442 | D:3      | Found a burning altar of Makhleb.
  2444 | D:3      | Found a glowing silver altar of Zin.
  2444 | D:3      | Noticed an angel
  2445 | D:3      | Noticed an Executioner
  2533 | D:3      | Found an ornate altar of the Wu Jian Council.
  3327 | D:4      | Reached skill level 7 in Stealth
  3340 | D:4      | Reached XP level 7. HP: 28/36 MP: 3/12
  3657 | D:4      | Mangled by an ogre

Levels and vault maps discovered:
D:1:      co_arrival_random_square_maze, layout_rooms,
          ebering_dispersal_statue_hall, kennysheep_boxes
D:2:      layout_rooms, nemelex_altar_shiori, serial_corexii_hall,
          chequers_hall_statues_wall_a, corexii_hall_statues_i,
          chequers_hall_statues_wall_a, corexii_hall_statues_l,
          corexii_hall_statues_x, corexii_hall_statues_i,
          chequers_ecumenical_altar_simple_redux, serial_bayou_pond_c,
          uniq_sigmund, uniq_terence
D:3:      layout_loops_ring, grunt_temple_overflow_order_and_chaos_2,
          nicolae_overflow_hidden_temple, overflow_temple_1_default, uniq_robin
D:4:      layout_layer_cave

Skill      XL: |  1  2  3  4  5  6 |
---------------+-------------------+-----
Stealth        | 6 7 |  7.3
Short Blades   | 3 4 |  4.0
Hexes          | 5 6 |  6.9
Spellcasting   | 3 |  3.8
Dodging        | |  2.1

Action                   |  1- 3 |  4- 6 |  7- 9 || total
-------------------------+-------+-------+-------++-------
Melee: Dagger            |    74 |   145 |    18 ||   237
       Bite              |     6 |     8 |     2 ||    16
 Cast: Ensorcelled Hiber |     7 |    17 |     5 ||    29
       Corona            |     1 |       |       ||     1
       Confuse           |       |     1 |       ||     1
 Abil: Exsanguinate      |     1 |       |       ||     1
       Bat Form          |       |       |     1 ||     1
 Stab: Sleeping          |    21 |    28 |     2 ||    51
       Distracted        |     2 |     1 |       ||     3
       Confused          |       |     2 |       ||     2
Armor: Robe              |    10 |    38 |     7 ||    55
Dodge: Dodged            |    39 |    76 |    11 ||   126
